 Dungeon Crawl Stone Soup version 0.30-a0-779-g7971cf19c3 (webtiles) character file.

Game seed: 5503068534134660661

763 Anon1729 the Chopper (level 7, -2/62 HPs)
             Began as a Minotaur Monk on Feb 17, 2023.
             Slain by a troll (12 damage)
             ... on level 6 of the Dungeon.
             The game lasted 00:02:42 (4147 turns).

Anon1729 the Chopper (Minotaur Monk)                Turns: 4147, Time: 00:02:42

Health: -2/62      AC:  5    Str: 17    XL:     7   Next: 51%
Magic:  6/6        EV: 12    Int: 19    God:
Gold:   340        SH:  0    Dex: 13    Spells: 6/6 levels left

rFire   . . .      SeeInvis .    a - +0 hand axe
rCold   . . .      Faith    .    (no shield)
rNeg    . . .      Spirit   .    j - +0 ring mail
rPois   .          Reflect  .    (helmet restricted)
rElec   .          Harm     .    (no cloak)
rCorr   .          Rampage  .    (no gloves)
Will    .....                    (no boots)
Stlth   +                        (no amulet)
HPRegen 0.30/turn                y - +6 ring of intelligence
MPRegen 0.10/turn                s - +6 ring of intelligence

@: no status effects
A: horns 2, retaliatory headbutt
a: no special abilities


You were on level 6 of the Dungeon.
You visited 1 branch of the dungeon, and saw 6 of its levels.

You collected 340 gold pieces.

Inventory:

Hand Weapons
 a - a +0 hand axe (weapon)
Armour
 b - a +0 robe
 j - a +0 ring mail (worn)
Jewellery
 p - a ring of magical power
 s - a +6 ring of intelligence (right hand)
 y - a +6 ring of intelligence (left hand)
Wands
 x - a wand of paralysis (6)
 D - a wand of roots (6)
 E - a wand of flame (11)
Scrolls
 e - 3 scrolls of fog {unknown}
 f - 6 scrolls of teleportation {unknown}
 g - 7 scrolls of identify {unknown}
 l - a scroll of butterflies {unknown}
 m - 2 scrolls of blinking {unknown}
 o - a scroll of enchant weapon {unknown}
 q - a scroll of torment {unknown}
 u - a scroll of magic mapping {unknown}
 v - 2 scrolls of immolation {unknown}
 w - 2 scrolls of fear {unknown}
 z - 4 scrolls of noise {unknown}
 A - a scroll of vulnerability {unknown}
 C - a scroll of amnesia {unknown}
Potions
 c - 2 potions of ambrosia
 d - 2 potions of magic {unknown}
 h - a potion of cancellation {unknown}
 i - a potion of mutation {unknown}
 k - a potion of curing
 n - 2 potions of flight {unknown}
 r - 2 potions of lignification {unknown}
 t - 3 potions of attraction {unknown}
 B - a potion of might {unknown}


   Skills:
 + Level 5.7 Fighting
 * Level 7.2 Axes
 + Level 4.2 Armour
 + Level 5.3 Dodging
 - Level 1.5 Stealth


You had 6 spell levels left.
You didn't know any spells.
Your spell library contained the following spells:

 Spells                   Type           Power      Damage    Failure   Level
 Apportation              Tloc           0%         N/A       34%         1


Dungeon Overview and Level Annotations

Branches:
Dungeon (6/15)
 Temple: D:4-7

Altars:
Wu Jian
Zin

Annotations:
D:4 2 transporters, gengaozo's ghost, amateur OgCA


Innate Abilities, Weirdness & Mutations

You have a pair of horns on your head.
You reflexively headbutt those who attack you in melee.


Message History

There is a stone staircase leading up here.
You open the door.
Found two escape hatches in the floor.
Found an escape hatch in the floor.
There is an open door here.
Search for what [? for help]? axe
There is an open door here.
E - a wand of flame (11)
You open the door.
A troll comes into view.
The troll shouts!
An orc priest comes into view. It is wielding a +0 dagger.
The troll moves out of view.
An orc priest is nearby!
An orc priest is nearby!
An orc priest is nearby!
Found 18 gold pieces.
The orc priest shouts!
There is an open door here.
You hit the troll. You headbutt the troll.
The troll is lightly wounded.
You completely miss the orc priest.
The orc priest hits you with a +0 dagger.
The troll bites you! The troll claws you! The troll claws you.
You hit the troll. Your headbutt misses the troll.
The troll is moderately wounded.
You hit the orc priest.
You hear the slow hiss of an avalanche of sand nearby.
The orc priest mumbles some strange prayers to Beogh against you.
Beogh smites you! The troll bites you. The troll completely misses you.
The troll barely misses you.
You are too injured to fight recklessly!
You are too injured to fight recklessly!
You are too injured to fight recklessly!
The orc priest mumbles some strange prayers to Beogh against you.
Pain shoots through your body!
* * * LOW HITPOINT WARNING * * *
There is an open door here.
The troll attacks as you move away! The troll bites you!
You die...

###### #####....###
.......#...##########
#####.......##.....##
#@##.......##...##
#T.###...###..#...
#o.# ##..# ##...##
#..# +..# ##.## #..#
#.## #.# #.$# ..# #.#
#### ..## #+# .# ..


You could see a troll and an orc priest.

Vanquished Creatures
  A black bear (D:5)
  An ogre (D:4)
  2 scorpions
  A howler monkey (D:4)
  6 hounds
  An orc priest (D:5)
  Jessica (D:2)
  2 iguanas
  An orc wizard (D:5)
  2 adders
  A white imp (D:5)
  An ufetubus (D:5)
  18 orcs
  5 ball pythons
  2 bats
  8 endoplasms
  3 giant cockroaches
  4 hobgoblins
  8 quokkas
  4 frilled lizards
  3 goblins
  5 kobolds
  4 rats
84 creatures vanquished.

Notes
Turn   | Place    | Note
-------+----------+-------------------------------------------
     0 | D:1      | Anon1729 the Minotaur Monk began the quest for the Orb.
     0 | D:1      | Reached XP level 1. HP: 19/19 MP: 0/0
    14 | D:1      | Noticed an electric eel
   518 | D:1      | Reached XP level 2. HP: 21/27 MP: 1/1
   580 | D:2      | Noticed Jessica
   586 | D:2      | Killed Jessica
   587 | D:2      | Reached skill level 4 in Axes
   587 | D:2      | Reached skill level 1 in Armour
   587 | D:2      | Reached XP level 3. HP: 33/33 MP: 2/2
  1127 | D:2      | You fall into a shaft and drop 1 floor!
  1147 | D:3      | Found a faded altar of an unknown god.
  1158 | D:3      | Got Plato's Monograph on Elsewhere
  1422 | D:3      | Reached XP level 4. HP: 39/40 MP: 3/3
  2097 | D:4      | Noticed an ogre
  2107 | D:4      | Killed an ogre
  2108 | D:4      | Reached skill level 5 in Axes
  2108 | D:4      | Reached XP level 5. HP: 47/47 MP: 4/4
  2239 | D:4      | Found a transporter.
  2241 | D:4      | Noticed gengaozo's ghost (amateur OgCA)
  2242 | D:4      | Found a transporter.
  2243 | D:4      | Noticed a two-headed ogre
  2594 | D:4      | Reached XP level 6. HP: 53/55 MP: 5/5
  2844 | D:4      | Reached skill level 5 in Fighting
  2844 | D:4      | Reached skill level 6 in Axes
  3149 | D:5      | Entered Level 5 of the Dungeon
  3519 | D:5      | Reached skill level 5 in Dodging
  3519 | D:5      | Reached XP level 7. HP: 61/61 MP: 6/6
  3712 | D:5      | Found a glowing silver altar of Zin.
  3712 | D:5      | Found an ornate altar of the Wu Jian Council.
  3864 | D:5      | Reached skill level 7 in Axes
  4141 | D:6      | Noticed a troll
  4147 | D:6      | Slain by a troll

Illustrated notes

Levels and vault maps discovered:
D:1:      arrival_aquarium_a, layout_loops_ring
D:2:      layout_basic, uniq_jessica
D:3:      layout_basic, shapermc_ecumenical_altar_rom_forum
D:4:      layout_loops_corners, gammafunk_ghost_arena
D:5:      layout_loops_ring, gammafunk_temple_overflow_pools
D:6:      nicolae_cairo_tiling_very_big, layout_loops_corners,
          minmay_temple_entry_large_hall, nicolae_ossuary_entry_false_entrances,
          serial_shops, shop, minmay_divided_ellipse

Skill      XL: |  1  2  3  4  5  6  7 |
---------------+----------------------+-----
Fighting       | 4 5 |  5.7
Axes           | 4 5 6 7 |  7.2
Armour         | 1 2 3 4 |  4.2
Dodging        | 4 5 |  5.3
Stealth        | |  1.5

Action                     |  1- 3 |  4- 6 |  7- 9 || total
---------------------------+-------+-------+-------++-------
  Melee: Hand axe          |    63 |   124 |    27 ||   214
         Headbutt          |     5 |    17 |     7 ||    29
         Punch             |       |     3 |       ||     3
  Evoke: Wand              |       |     1 |       ||     1
    Use: Potion            |       |     1 |       ||     1
   Stab: Sleeping          |     1 |       |       ||     1
         Paralysed         |       |     5 |       ||     5
 Armour: Ring mail         |    20 |    29 |    12 ||    61
         Robe              |     2 |       |       ||     2
  Dodge: Dodged            |    34 |    74 |    17 ||   125

Table legend: (Time is in decaauts)
 A = Elapsed time spent in this place.
 B = Non-inter-level travel time spent in this place.
 C = Inter-level travel time spent in this place.
 D = Time resting spent in this place.
 E = Time spent auto-exploring this place.
 F = Levels seen in this place.
 G = Mean time per level.
                   A        B        C        D        E       F      G
               +--------+--------+--------+--------+--------+-----+--------+
         Total |   4152 |   4028 |    124 |      4 |   3494 |   6 |  692.0 |
       Dungeon |   4152 |   4028 |    124 |      4 |   3494 |   6 |  692.0 |
               +--------+--------+--------+--------+--------+-----+--------+

Top non-repeatable levels by time:
     D:4: 1181 daAuts
     D:5: 944 daAuts
     D:3: 842 daAuts
     D:2: 596 daAuts
     D:1: 534 daAuts
     D:6: 51 daAuts
